Zazza, neutral female human Wizard ---------- |.<........ |..------.- ---- |..| |-.-- |...--- --....| --- --...---.--- --....|...... |............. |-............h |..-.........@. |....... -#- --.|.--. --- Zazza the Evoker Experience level: 2 Strength: 12 Dexterity: 12 Constitution: 17 Intelligence: 18 Wisdom: 8 Charisma: 10 Health: 0(23) Energy: 2(12) Def: 2 Gold: 0 Moves: 1105 Dungeon seed: 94A0sUygHo2Bvrho Game ID: Zazza_1577114413 Your Inventory: Weapons a - a blessed +1 quarterstaff q - a +0 dwarvish mattock E - a +0 orcish dagger (weapon in hand) F - a cursed -1 orcish dagger Armor e - an uncursed +0 cloak of magic resistance (being worn) r - a blessed +2 orcish helm y - an uncursed +0 orcish helm Comestibles t - 2 uncursed food rations G - an uncursed partly eaten food ration Scrolls i - a blessed scroll of food detection j - an uncursed scroll of identify k - an uncursed scroll of light D - an uncursed scroll of earth Spellbooks l - a blessed spellbook of force bolt m - an uncursed spellbook of jumping Potions f - an uncursed potion of blindness g - an uncursed potion of restore ability h - an uncursed potion of healing p - a blessed potion of restore ability s - a cursed potion of invisibility Rings c - an uncursed +1 ring of protection (on left hand) d - an uncursed ring of conflict u - an uncursed +1 ring of increase accuracy (on right hand) Wands b - a wand of digging (0:7) Tools n - a magic marker (0:54) o - an uncursed leash H - a cursed tallow candle (0:200) Gems z - an uncursed worthless piece of black glass Spells and supernatural/magical abilities: Name Level Category Fail Memory a - force bolt 1 attack 0% 95% j - jumping 1 escape 0% 95% W - pray for help -- divine ? -- Your skills at the end: Fighting Skills Weapon Skills quarterstaff [Basic] Spellcasting Skills attack spells [Basic] enchantment spells [Basic] Final Attributes: You were devoutly aligned. You were magic-protected. You had a +1 bonus to hit. You were protected. You are dead. Vanquished creatures: a bugbear a kitten a gas spore 5 gnomes a gnome zombie a jackal 3 goblins 2 sewer rats 2 lichens a newt 18 creatures vanquished. Voluntary challenges: You were an atheist. You used a wielded weapon 8 times, starting on turn 372. You were illiterate. You never genocided any monsters. You never polymorphed an object. You never changed form. You used no wishes. You never split a pudding. You never wrote Elbereth's name. You never violated your personal moral code. Dungeon overview: The Dungeons of Doom: levels 1 to 3 Level 1 a long staircase Level 2 a scroll shop Level 3 stairs to The Gnomish Mines The Gnomish Mines: Level 4 <- You were here stairs to The Dungeons of Doom History has recorded: On T:1 you entered the Dungeons of Doom to retrieve the Amulet of Yendor! On T:430 you reached level 2 of The Dungeons of Doom. On T:676 you reached level 3 of The Dungeons of Doom. On T:990 you reached level 1 of The Gnomish Mines. On T:1042 you advanced to experience level 2. Score breakdown: Gold: 0 ( 0 points) Experience: 2 levels ( 5570 points) Exploration: 4 levels ( 8.00%) ( 7423 points) Discoveries: 1 item ( 0.35%) ( 1770 points) Valuables value: (no points given unless you survive) Artifact value: 0 ( 0 points) Variety of kills: 10 monsters ( 2.62%) ( 4860 points) Turncount: 1105 turns ( 0 points) Survival: died (score multiplied by 80%) Total score: 15698 Latest messages: You miss the gnome. You hit the gnome. The gnome hits! Armand misses the gnome. You miss the gnome. Armand bites the gnome. The gnome misses Armand. You kill the gnome! You resume your meal. Armand picks up a gem. You hear some noises. You finish eating the bugbear corpse. Armand is killed! You see here a black gem. z - a black gem. You miss the dwarf. The dwarf thrusts his dagger. The dwarf hits! You hit the dwarf. You miss the dwarf. The dwarf thrusts his dagger. The dwarf hits! You die... Final status: Goodbye Zazza the Wizard, killed by a dwarf... You died in The Gnomish Mines on dungeon level 4 with 15698 points, and 0 pieces of gold, after 1105 moves. You were level 2 with a maximum of 23 hit points when you died.